Map: 2000 Atmospheres LE

Players

soul - Winner!

  • Race: Terran Terran
  • League: Grandmaster

ArT

  • Race: Protoss Protoss

Event: DreamHack SC2 Masters 2021 Summer

VOD

Have the link to the VOD?

Description

Time

  • Played on: May 29, 2021, 12:20 p.m.
  • Length: 9:03

All games in this series

Show
View Real Time Build Order
Export as new Build Order

soul Terran - Winner!

Build Orders:  

Get SALT Encoding   

  12  0:00  SCV  
  13  0:12  SCV  
  14  0:17  Supply Depot  
  14  0:24  SCV  
  15  0:38  SCV  
  15  0:40  Barracks  
  16  0:45  Refinery  
  16  0:50  SCV  
  17  1:02  SCV  
  18  1:15  SCV  
  19  1:26  Marine  
  19  1:27  Orbital Command  
  20  1:41  Command Center  
  20  1:51  Factory  
  20  1:57  SCV  
  21  2:05  Barracks Reactor  
  21  2:07  Supply Depot  
  21  2:10  SCV  
  21  2:14  Refinery  
  22  2:22  SCV  
  23  2:34  SCV  
  24  2:41  Starport  
  24  2:45  Hellion x2  
  24  2:49  SCV  
  29  2:54  Orbital Command  
  29  3:07  Barracks Tech Lab, Hellion x2  
  29  3:10  SCV  
  34  3:18  Medivac  
  36  3:21  SCV  
  36  3:22  SCV  
  39  3:34  Cyclone  
  39  3:36  Marine  
  39  3:38  Supply Depot  
  39  3:40  SCV, Marine  
  44  3:45  SCV  
  45  3:52  SCV  
  46  3:57  Bunker, Supply Depot  
  46  4:00  SCV, Marine x2  
  49  4:11  SCV  
  49  4:12  SCV  
  49  4:15  Cyclone  
  54  4:18  Marine x2  
  52  4:25  SCV  
  52  4:26  SCV  
  52  4:35  Marine x2  
  52  4:37  SCV  
  51  4:39  Command Center  
  51  4:42  SCV  
  52  4:49  SCV  
  52  4:50  Siege Tank  
  56  4:53  Marine  
  56  4:54  SCV  
  56  4:55  Supply Depot  
  56  4:56  Viking  
  60  5:01  SCV  
  60  5:03  Marine  
  60  5:07  SCV  
  62  5:15  Barracks  
  62  5:16  Barracks  
  62  5:17  SCV  
  62  5:18  Supply Depot x2  
  62  5:19  SCV, Marine  
  65  5:26  Marine, Siege Tank  
  69  5:29  SCV  
  70  5:35  Refinery  
  70  5:36  Refinery  
  70  5:37  Engineering Bay  
  70  5:39  Marine, Engineering Bay, SCV  
  70  5:41  SCV  
  73  5:43  Marine  
  74  5:50  Supply Depot  
  74  5:52  SCV  
  74  5:53  SCV  
  74  5:55  Orbital Command  
  76  6:04  SCV  
  77  6:05  SCV  
  77  6:07  Starport Reactor  
  77  6:09  Barracks  
  77  6:11  Barracks Tech Lab, Barracks, Terran Infantry Weapons Level 1, Terran Infantry Armor Level 1  
  78  6:13  Factory Reactor  
  78  6:15  Stimpack  
  78  6:16  SCV  
  79  6:18  Orbital Command  
  79  6:20  Missile Turret  
  79  6:22  Missile Turret  
  79  6:24  SCV  
  80  6:27  Marauder, Marine  
  80  6:28  SCV, Marine  
  80  6:30  Combat Shield  
  85  6:36  SCV  
  85  6:37  Marauder  
  88  6:43  SCV  
  88  6:44  SCV  
  88  6:45  Marine  
  88  6:46  Marine  
  92  6:48  SCV  
  92  6:49  Marauder  
  92  6:51  Armory  
  95  6:54  Supply Depot  
  95  6:56  SCV x2, Bunker  
  95  6:57  Supply Depot  
  95  6:58  Barracks Reactor  
  95  6:59  Barracks Tech Lab  
  95  7:00  SCV  
  98  7:06  Medivac  
  98  7:07  Widow Mine, Medivac  
  98  7:08  SCV  
  102  7:09  SCV  
  102  7:11  Widow Mine  
  102  7:13  SCV  
  106  7:18  Supply Depot  
  106  7:20  SCV  
  106  7:21  SCV  
  106  7:22  Supply Depot  
  108  7:23  Concussive Shells  
  108  7:25  SCV, Marauder  
  108  7:26  Marauder  
  108  7:28  Marauder  
  115  7:32  SCV  
  115  7:33  SCV  
  115  7:35  Supply Depot  
  117  7:37  SCV  
  117  7:38  Supply Depot  
  117  7:39  Widow Mine  
  117  7:40  Widow Mine  
  122  7:45  Marine  
  122  7:46  SCV  
  122  7:47  Marauder x2  
  128  7:51  Marine  
  128  7:52  Marauder  
  128  7:56  Refinery x2, Supply Depot  
  128  7:58  Medivac x2, Ghost Academy  
  135  8:03  Marine x2  
  135  8:04  Marine  
  138  8:08  Marauder x2  
  138  8:09  Marine  
  143  8:16  SCV x2  
  145  8:21  Widow Mine  
  145  8:22  Widow Mine  
  145  8:23  SCV  
  145  8:26  Supply Depot  
  150  8:28  SCV x2, Supply Depot  
  150  8:32  Command Center  
  150  8:33  Ghost x3  
Show
View Real Time Build Order
Export as new Build Order

ArT Protoss 

Build Orders: 1 Gate Expand, Oracle Opening, Phoenix Opening 

Get SALT Encoding   

  12  0:00  Probe  
  13  0:13  Probe  
  14  0:18  Pylon  
  14  0:25  Probe (Chrono Boost)  
  15  0:37  Probe (Chrono Boost), Gateway  
  16  0:44  Probe (Chrono Boost)  
  16  0:49  Assimilator  
  17  0:51  Probe  
  18  1:03  Probe  
  19  1:15  Probe  
  20  1:25  Cybernetics Core  
  20  1:33  Nexus  
  20  1:37  Probe  
  21  1:44  Pylon  
  21  1:49  Probe  
  21  1:53  Assimilator  
  22  2:00  Adept (Chrono Boost)  
  22  2:06  Probe  
  25  2:18  Probe  
  25  2:22  Stargate  
  26  2:30  Warp Gate  
  26  2:31  Probe  
  26  2:35  Adept  
  30  2:45  Probe (Chrono Boost)  
  30  2:48  Probe (Chrono Boost)  
  31  2:55  Probe (Chrono Boost)  
  31  2:58  Probe (Chrono Boost)  
  33  3:00  Probe (Chrono Boost)  
  33  3:03  Oracle (Chrono Boost)  
  34  3:08  Probe, Adept  
  34  3:12  Probe  
  41  3:13  Pylon  
  39  3:20  Probe  
  39  3:24  Probe  
  39  3:25  Gateway  
  41  3:30  Shield Battery  
  41  3:32  Probe  
  42  3:35  Phoenix (Chrono Boost)  
  42  3:36  Probe  
  45  3:44  Probe  
  45  3:48  Probe  
  47  3:50  Pylon  
  47  3:53  Phoenix  
  49  3:56  Probe  
  49  3:58  Assimilator  
  49  4:01  Shield Battery  
  49  4:02  Probe  
  47  4:17  Probe  
  47  4:20  Adept x2  
  48  4:27  Probe (Chrono Boost)  
  48  4:29  Probe (Chrono Boost)  
  49  4:37  Phoenix  
  52  4:39  Probe (Chrono Boost)  
  52  4:42  Probe (Chrono Boost)  
  52  4:44  Probe (Chrono Boost)  
  54  4:49  Probe (Chrono Boost)  
  54  4:52  Nexus  
  55  4:58  Probe (Chrono Boost)  
  56  5:00  Pylon  
  56  5:01  Probe (Chrono Boost)  
  57  5:09  Twilight Council  
  57  5:10  Probe (Chrono Boost)  
  57  5:11  Probe (Chrono Boost)  
  59  5:15  Forge  
  59  5:17  Probe  
  59  5:19  Probe  
  61  5:27  Pylon  
  61  5:28  Sentry x2  
  63  5:29  Probe  
  66  5:36  Probe  
  66  5:37  Protoss Ground Armor Level 1  
  66  5:38  Shield Battery  
  67  5:46  Charge (Chrono Boost)  
  64  5:50  Phoenix (Chrono Boost)  
  64  5:51  Shield Battery  
  64  5:55  Zealot, Stalker  
  70  6:00  Shield Battery  
  70  6:04  Probe  
  70  6:05  Probe, Gateway  
  72  6:11  Probe  
  72  6:17  Probe, Gateway  
  72  6:18  Gateway  
  74  6:21  Probe  
  74  6:25  Probe  
  76  6:28  Gateway x2  
  76  6:31  Probe  
  77  6:33  Probe  
  77  6:37  Zealot x2  
  82  6:40  Probe  
  82  6:43  Probe  
  82  6:45  Gateway  
  82  6:46  Probe  
  85  6:48  Gateway  
  85  6:51  Pylon  
  85  6:55  Robotics Facility  
  85  6:59  Probe x2  
  87  7:05  Probe  
  88  7:10  Assimilator  
  88  7:11  Probe x2  
  88  7:12  Assimilator  
  88  7:13  Assimilator  
  90  7:16  Pylon  
  90  7:17  Probe  
  90  7:18  Pylon  
  91  7:23  Probe x2  
  91  7:26  Photon Cannon  
  91  7:29  Probe  
  94  7:35  Probe  
  94  7:36  Probe  
  96  7:39  Pylon  
  96  7:45  Observer (Chrono Boost)  
  96  7:48  Robotics Bay  
  96  7:49  Robotics Facility  
  97  7:53  Nexus  
  97  7:54  Pylon  
  97  8:03  Zealot x7  
  109  8:11  Observer (Chrono Boost)  
  110  8:18  Photon Cannon  
  110  8:24  Zealot  
  110  8:25  Zealot x5  
  110  8:26  Pylon  
  122  8:27  Pylon  
  78  8:49  Zealot x6  
  78  8:50  Zealot x2  
Tags
 
Add a new tag
Caveats
  • Supply blocks, unpowered buildings, or Contaminate may cause inaccurate times.
  • Supply counts are checked every 10 seconds.